 Dungeon Crawl Stone Soup version 0.24.0-125-gc4c63601f3 (webtiles) character file.

Game seed: 15109127969405574121, levelgen mode: deterministic

88 Mesmaeker13 the Ducker (level 4, -1/35 HPs)
             Began as a Demonspawn Gladiator on Feb 27, 2020.
             Slain by Robin
             ... wielding a +0 trident
              (8 damage)
             ... on level 2 of the Dungeon.
             The game lasted 00:03:08 (1571 turns).

Mesmaeker13 the Ducker (Demonspawn Gladiator)       Turns: 1571, Time: 00:03:08

Health: -1/35      AC:  3    Str: 15    XL:     4   Next: 30%
Magic:  4/4        EV: 14    Int: 11    God:
Gold:   94         SH:  0    Dex: 19    Spells: 3/3 levels left

rFire    . . .     SeeInvis .   a - +0 long sword
rCold    . . .     Gourm    .   (no shield)
rNeg     . . .     Faith    .   b - +0 leather armour
rPois    .         Spirit   .   (helmet restricted)
rElec    .         Reflect  .   (no cloak)
rCorr    .         Harm     .   (no gloves)
MR       .....                  (no boots)
Stlth    ++........             (no amulet)
HPRegen  0.11/turn              (no ring)
MPRegen  0.09/turn              (no ring)

@: no status effects
A: antennae 1, beak, thin skeletal structure 2, clever 1, sense surroundings 1
a: no special abilities


You were on level 2 of the Dungeon.
You were not hungry.

You visited 1 branch of the dungeon, and saw 4 of its levels.

You collected 94 gold pieces.

Inventory:

Hand Weapons
 a - a +0 long sword (weapon)
Missiles
 l - 5 silver javelins (quivered)
Armour
 b - a +0 leather armour (worn)
 c - a +0 helmet
Scrolls
 e - a scroll of enchant weapon {unknown}
 i - 2 scrolls of immolation
 j - a scroll of fear
 k - a scroll of teleportation {unknown}
 p - a scroll of magic mapping {unknown}
Potions
 m - a potion of brilliance {unknown}
 o - a potion of heal wounds {unknown}
Comestibles
 f - a ration
 n - a chunk of flesh


   Skills:
 + Level 3.1 Fighting
 + Level 3.4 Long Blades
 - Level 1.7 Throwing
 + Level 3.5 Dodging


You had 3 spell levels left.
You didn't know any spells.
Your spell library was empty.

Dungeon Overview and Level Annotations

Branches:
Dungeon (4/15)
 Temple: D:4-7

Altars:

Annotations:
D:2 Robin


Innate Abilities, Weirdness & Mutations

You have a moderately thin skeletal structure. (Dex +4, Stealth+)
You have a pair of small antennae on your head.
You have a beak for a mouth.
Your mind is acute. (Int +2)
You passively map a small area around you.


Message History

You feel better.
The quokka bites you but does no damage.
Robin hits you from afar with a +0 trident.
* * * LOW HITPOINT WARNING * * *
It was a potion of mutation.
You feel extremely strange.
You feel a strange attunement to the structure of the dungeons.
You feel clever. A pair of antennae grows on your head!
Your +0 helmet falls away!
Your mouth lengthens and hardens into a beak!
The quokka misses you. Robin completely misses you.
You aren't carrying any items that you can evoke.
Unknown command.
Throwing (i - inventory. (/) - cycle)
d - a throwing net (quivered)
Press: ? - help, Shift-Dir - straight line, f - quokka
Aim: a quokka (severely wounded)
You throw a throwing net.
The throwing net closely misses the quokka.
The throwing net barely misses Robin.
The quokka completely misses you.
Robin hits you from afar with a +0 trident!
You die...

#... ### ##'##
####.####.#######.#
,
#..gr.........ggg.#
#.##.###..#######.##
, #.##g###).#
##...## #.##.r....#
#.....# #g######.##
##.รท.## #.######g#
##.### #...@rg.(#
#.... ##########
#.### #.# #.# #.#
#.# #.# #.# #######
##### #.#


You could see Robin, a quokka and a goblin.

Vanquished Creatures
  A worker ant (D:2)
  An adder (D:2)
  An ooze (D:1)
  A dart slug (D:2)
  3 leopard geckos
  An orc (D:3)
  A ball python (D:3)
  3 bats (D:1)
  3 giant cockroaches
  12 goblins
  4 hobgoblins
  5 kobolds
  A quokka (D:4)
  2 frilled lizards (D:1)
  4 rats (D:1)
43 creatures vanquished.

Notes
Turn   | Place    | Note
-------+----------+-------------------------------------------
     0 | D:1      | Mesmaeker13 the Demonspawn Gladiator began the quest for
                  | the Orb.
     0 | D:1      | Reached XP level 1. HP: 16/16 MP: 1/1
    50 | D:1      | Gained mutation: You have a somewhat thin skeletal
                  | structure. (Dex +2, Stealth) [demonic ancestry]
    50 | D:1      | Reached XP level 2. HP: 20/22 MP: 2/2
   684 | D:2      | You fall into a shaft and drop 2 floors!
   713 | D:4      | Reached XP level 3. HP: 28/28 MP: 3/3
  1350 | D:2      | Gained mutation: You have a moderately thin skeletal
                  | structure. (Dex +4, Stealth+) [demonic ancestry]
  1350 | D:2      | Reached XP level 4. HP: 32/35 MP: 4/4
  1488 | D:2      | Noticed Robin
  1570 | D:2      | Gained mutation: You passively map a small area around you.
                  | [potion of mutation]
  1570 | D:2      | Gained mutation: Your mind is acute. (Int +2) [potion of
                  | mutation]
  1570 | D:2      | Gained mutation: You have a pair of small antennae on your
                  | head. [potion of mutation]
  1570 | D:2      | Gained mutation: You have a beak for a mouth. [potion of
                  | mutation]
  1571 | D:2      | Slain by Robin

Levels and vault maps discovered:
D:1:      elethiomel_arrival_shortcut, layout_loops_ring, kennysheep_boxes
D:2:      layout_loops_corners, grunt_temple_overflow_opulence,
          nicolae_gozag_cash_rules_everything_around_me, uniq_robin
D:3:      layout_loops_ring, chequers_serial_rivers_micro_a, saegor_snake_ambush
D:4:      layout_rooms, nicolae_ossuary_entry_monument

Skill      XL: |  1  2  3 |
---------------+----------+-----
Long Blades    | 3 |  3.4
Dodging        | 3 |  3.5
Fighting       | 3 |  3.1
Throwing       | |  1.7

Action                   |  1- 3 |  4- 6 || total
-------------------------+-------+-------++-------
Melee: Long sword        |    78 |    30 ||   108
Throw: Throwing net      |     1 |     2 ||     3
  Use: Scroll            |     3 |       ||     3
       Potion            |       |     3 ||     3
 Stab: Sleeping          |     1 |     1 ||     2
  Eat: Chunk             |     1 |     1 ||     2
Armor: Leather armour    |    23 |     8 ||    31
Dodge: Dodged            |    59 |    32 ||    91
       Rpst.: Long sword |    19 |    12 ||    31
